 Dungeon Crawl Stone Soup version 0.22-a0-362-g535178c (webtiles) character file.

766 grindst0ne the Skirmisher (level 8, 0/64 HPs)
             Began as a Formicid Abyssal Knight on Apr 19, 2018.
             Was a Priest of Lugonu.
             Succumbed to an adder's poison
             ... on level 7 of the Dungeon.
             The game lasted 00:09:40 (5242 turns).

grindst0ne the Skirmisher (Formicid Abyssal Knight) Turns: 5242, Time: 00:09:41

Health: 0/64       AC:  7    Str: 17      XL:     8   Next: 8%
Magic:  19/21      EV: 10    Int: 14      God:    Lugonu [***...]
Gold:   174        SH:  0    Dex:  9 (10) Spells: 7/7 levels left

rFire    + . .     SeeInvis +   a - +1 falchion
rCold    . . .     Gourm    .   (no shield)
rNeg     . . .     Faith    .   p - +0 ring mail
rPois    .         Spirit   .   (helmet unavailable)
rElec    .         Reflect  .   (no cloak)
rCorr    .         Harm     .   (no gloves)
MR       .....                  (no boots)
Stlth    ..........             (no amulet)
HPRegen  0.20/turn              b - ring of magical power
MPRegen  0.17/turn              f - ring of flight

@: lethally poisoned (0 -> -3)
A: permanent stasis, dig shafts and tunnels, four strong arms, antennae 3, icy
blue scales 1, fire resistance 1
a: Dig, Shaft Self, Depart the Abyss, Bend Space, Banish, Renounce Religion,
Evoke Flight


You were on level 7 of the Dungeon.
You worshipped Lugonu.
Lugonu was most pleased with you.
You were near starving.

You visited 1 branch of the dungeon, and saw 7 of its levels.
You visited the Abyss 1 time.

You collected 174 gold pieces.

Inventory:

Hand Weapons
 a - a +1 falchion (weapon)
Missiles
 g - a tomahawk (quivered)
Armour
 p - a +0 ring mail (worn)
Jewellery
 b - a ring of magical power (left hand)
 d - an uncursed ring of protection from cold
 f - a ring of flight (right hand)
Wands
 m - a wand of polymorph (10)
Scrolls
 h - a scroll of fog {unknown}
 j - a scroll of immolation {unknown}
 k - 3 scrolls of remove curse
 l - a scroll of magic mapping
 n - a scroll of enchant armour {unknown}
Potions
 e - 2 potions of brilliance
Comestibles
 c - 9 rations
 i - a chunk of flesh


   Skills:
 + Level 6.3 Fighting
 + Level 5.1 Long Blades
 - Level 2.1 Armour
 - Level 0.8 Dodging
 + Level 6.1 Invocations


You had 7 spell levels left.
You didn't know any spells.

Dungeon Overview and Level Annotations

Branches:
Dungeon (7/15)             Temple (0/1) D:6

Altars:
Elyvilon
Hepliaklqana
Qazlal
Trog


Innate Abilities, Weirdness & Mutations

You cannot be hasted, slowed, berserked, paralysed or teleported.
You can dig through walls and to a lower floor.
Your four strong arms can wield two-handed weapons with a shield.
You have a pair of large antennae on your head. (SInv)
You are partially covered in icy blue scales. (AC +2)
Your flesh is heat resistant. (rF+)


Message History

The adder is severely wounded.
The adder bites you.
* * * LOW HITPOINT WARNING * * *
You are lethally poisoned!
The adder poisons you! A shaft appears beneath you!
You fall through a shaft for 3 floors!
The shaft crumbles and collapses.
* * * LOW HITPOINT WARNING * * *
You feel sick.
Okay, then.
Okay, then.
Evoke which item? (* to show all) (? for menu, Esc to quit)
Okay, then.
Okay, then.
* * * LOW HITPOINT WARNING * * *
You feel sick.
* * * LOW HITPOINT WARNING * * *
You feel sick.
You die...

#.# #.# #.# #.# #...# #.# #.###
#.# #.# ##.########. #.#
#...........# #.# #..########.#
#.######..########.#
##########.#....@....##...#.#
............................#
#######.##.#.###.#..#.(.....#####
#.##......###..............
#.####.###.#.##.......#####
#.####.####.####..>...# #
#............# ##...#.### #
####...####..#####......# # #.###
#...........#.# #


There were no monsters in sight!

Vanquished Creatures
  An ice beast (D:4)
  A centaur (D:7)
  2 bullfrogs (D:7)
  A crimson imp (D:7)
  A quasit (D:6)
  A hound (D:7)
  An orc priest (D:4)
  Jessica (D:3)
  An iguana (D:7)
  2 worker ants
  6 adders
  A howler monkey skeleton (D:7)
  5 worms
  2 dart slugs
  3 leopard geckos
  6 orcs
  9 bats
  7 giant cockroaches
  9 goblins
  5 hobgoblins
  6 kobolds
  A quokka (D:3)
  A ball python (D:2)
  6 frilled lizards
  15 rats (D:1)
94 creatures vanquished.

Vanquished Creatures (others)
  A bullfrog (D:7)
  An orc wizard (D:4)
2 creatures vanquished.

Grand Total: 96 creatures vanquished

Notes
Turn   | Place    | Note
-------+----------+-------------------------------------------
     0 | Abyss:1  | grindst0ne the Formicid Abyssal Knight began the quest for the Orb.
     0 | Abyss:1  | Reached XP level 1. HP: 18/18 MP: 2/2
    50 | Abyss:1  | Noticed an orange demon
    52 | D:1      | Escaped the Abyss
   184 | D:1      | Reached * piety under Lugonu
   197 | D:1      | Reached XP level 2. HP: 13/24 MP: 3/3
   436 | D:1      | Reached XP level 3. HP: 28/30 MP: 5/5
  1098 | D:2      | Reached ** piety under Lugonu
  1134 | D:2      | Reached XP level 4. HP: 29/37 MP: 6/6
  1852 | D:2      | Found a bloodstained altar of Trog.
  1852 | D:2      | Found a hazy altar of Hepliaklqana.
  1891 | D:2      | Found a stormy altar of Qazlal.
  1939 | D:2      | Reached XP level 5. HP: 6/43 MP: 7/7
  3616 | D:3      | Found a white marble altar of Elyvilon.
  3655 | D:3      | Reached *** piety under Lugonu
  3844 | D:3      | Noticed Jessica
  3863 | D:3      | Killed Jessica
  4047 | D:4      | Noticed an ice beast
  4065 | D:4      | Killed an ice beast
  4065 | D:4      | Reached skill level 5 in Fighting
  4065 | D:4      | Reached XP level 6. HP: 30/51 MP: 9/9
  4081 | D:4      | You fall through a shaft for 3 floors!
  4155 | D:7      | Reached skill level 5 in Invocations
  4155 | D:7      | Reached XP level 7. HP: 31/56 MP: 10/10
  5091 | D:6      | Found a staircase to the Ecumenical Temple.
  5121 | D:6      | Reached skill level 5 in Long Blades
  5141 | D:6      | Reached XP level 8. HP: 61/64 MP: 12/12
  5197 | D:5      | Entered Level 5 of the Dungeon
  5234 | D:4      | Gained mutation: Your flesh is heat resistant. (rF+) [potion of mutation]
  5234 | D:4      | Gained mutation: You are partially covered in icy blue scales. (AC +2) [potion of mutation]
  5237 | D:4      | You fall through a shaft for 3 floors!
  5237 | D:7      | HP: 2/64 [poisoned by an adder]
  5242 | D:7      | Succumbed to an adder's poison

Vault maps used:
D:1:      erik_arrival_orb_chamber
D:2:      gammafunk_temple_overflow_elements, first_ration, minivault_14,
          nicolae_qazlal_eye_of_the_storm
D:3:      nicolae_overflow_hidden_temple, uniq_jessica
D:5:      kennysheep_nondescript, kennysheep_small_square
D:6:      temple_pool_b, kennysheep_generic_room_14, uniq_prince_ribbit1

Skill      XL: |  1  2  3  4  5  6  7 |
---------------+----------------------+-----
Invocations    | 3 4 5 6 |  6.1
Fighting       | 4 5 6 |  6.3
Long Blades    | 3 4 5 |  5.1
Armour         | |  2.1
Dodging        | |  0.8

Action                   |  1- 3 |  4- 6 |  7- 9 || total
-------------------------+-------+-------+-------++-------
Melee: Falchion          |    97 |   190 |   102 ||   389
Throw: Tomahawk          |       |     2 |       ||     2
Invok: Depart the Abyss  |     1 |       |       ||     1
       Banish            |       |       |     2 ||     2
       Bend Space        |       |       |     1 ||     1
 Abil: Dig               |       |       |     6 ||     6
       Shaft Self        |       |       |     1 ||     1
  Use: Potion            |       |     5 |     3 ||     8
       Scroll            |       |     3 |     1 ||     4
 Stab: Sleeping          |       |     1 |       ||     1
  Eat: Chunk             |     1 |     9 |     5 ||    15
Armor: Leather armour    |    31 |    32 |       ||    63
       Ring mail         |       |       |    48 ||    48
Dodge: Dodged            |    59 |   105 |    72 ||   236
       Rpst.: Falchion   |    25 |    22 |    22 ||    69

Table legend:
 A = Spawn XP
 B = Non-spawn XP
 C = Spawn XP percentage of total XP
 D = Spawn monster count
 E = Non-spawn monster count
 F = Spawn count percentage of total count
 G = Total turns spent on level
                    A         B        C        D         E        F      G
               +---------+---------+-------+---------+---------+-------+---------
         Total |       0 |    1095 |   0.0 |       0 |      96 |   0.0 |  5242
               +---------+---------+-------+---------+---------+-------+---------
           D:1 |       0 |      50 |   0.0 |       0 |      33 |   0.0 |   978
           D:2 |       0 |     114 |   0.0 |       0 |      27 |   0.0 |  1627
           D:3 |       0 |      94 |   0.0 |       0 |      19 |   0.0 |  1340
           D:4 |       0 |     206 |   0.0 |       0 |       6 |   0.0 |   117
           D:6 |       0 |      80 |   0.0 |       0 |       2 |   0.0 |   310
           D:7 |       0 |     551 |   0.0 |       0 |       9 |   0.0 |   811
               +---------+---------+-------+---------+---------+-------+---------
